 Dungeon Crawl Stone Soup version 0.31-a0-876-gfe8ebadbca (webtiles) character file.

Game seed: 14908272521502683217

5371 zenocrate the Covert (level 10, -6/74 HPs)
             Began as an Octopode Enchanter on Oct 13, 2023.
             Was a Believer of Dithmenos.
             Mangled by a gargoyle
             ... wielding a +0 mace
              (17 damage)
             ... on level 8 of the Dungeon.
             The game lasted 00:15:01 (6421 turns).

zenocrate the Covert (Octopode Enchanter)           Turns: 6421, Time: 00:15:01

Health: -6/74      AC:  3    Str:  6    XL:     10   Next: 66%
Magic:  6/14       EV: 16    Int: 22    God:    Dithmenos [**....]
Gold:   414        SH:  8    Dex: 20    Spells: 2/15 levels left

rFire   . . .        a - +1 dagger (freeze)
rCold   + . .        u - +2 buckler
rNeg    . . .        (helmet currently unavailable)
rPois   .            e - amulet of regeneration
rElec   .            n - ring of protection from cold
rCorr   .            w - +6 ring of intelligence
SInv    .            (no ring)
Will    .....        (no ring)
Stlth   +++++++      (no ring)
HPRegen 1.12/turn    (no ring)
MPRegen 0.14/turn    (no ring)
                     (no ring)

%: no passive effects
@: beast-form, wreathed by umbra, invisible
A: beast (slay +1), almost no armour, amphibious, 8 rings, camouflage 1,
gelatinous body 1, (nimble swimmer 1), tentacles, iridescent scales 1, agile 1,
dopey 1, robust 1
a: Begin Untransformation, Renounce Religion, Shadow Step


You were on level 8 of the Dungeon.
You worshipped Dithmenos.
Dithmenos was pleased with you.
You were a hulking beast.
You visited 2 branches of the dungeon, and saw 9 of its levels.

You collected 414 gold pieces.

Inventory:

Hand Weapons
 a - a +1 dagger of freezing (weapon)
 b - a +2 short sword of protection
 x - a +0 antimagic dagger
Missiles
 z - 2 throwing nets
 B - 2 poisoned darts
Armour
 u - a +2 buckler (worn)
 E - an orb of energy
Jewellery
 e - an amulet of regeneration (around mantle)
 n - a ring of protection from cold (left tentacle)
 v - an amulet of faith
 w - a +6 ring of intelligence (right tentacle)
Talismans
 o - a beast talisman (active)
Wands
 q - a wand of mindburst (3)
 y - a wand of charming (15)
 D - a wand of roots (13)
Scrolls
 d - 2 scrolls of revelation
 g - a scroll of blinking {unknown}
 m - a scroll of poison
 r - a scroll of brand weapon {unknown}
 s - a scroll of immolation {unknown}
 A - a scroll of enchant weapon {unknown}
 C - a scroll of noise {unknown}
Potions
 c - a potion of might
 f - 4 potions of curing
 h - a potion of magic
 i - a potion of resistance
 j - a potion of cancellation
 k - 5 potions of mutation
 l - 3 potions of lignification
 p - a potion of ambrosia
 t - a potion of invisibility
 F - a potion of attraction {unknown}


   Skills:
 * Level 5.9 Fighting
 + Level 5.9 Short Blades
 + Level 5.8 Dodging
 + Level 9.1 Stealth
 + Level 3.8 Shields
 - Level 3.0 Spellcasting
 - Level 2.1 Conjurations
 + Level 6.6 Hexes
 - Level 2.1 Ice Magic
 - Level 0.2 Invocations
 + Level 5.0 Evocations
 - Level 3.0 Shapeshifting


You had 2 spell levels left.
You knew the following spells:

 Your Spells              Type           Power      Damage    Failure   Level
a - Ensorcelled Hibernat  Hex/Ice        44%        N/A       4%          2
b - Confusing Touch       Hex            32%        N/A       4%          3
c - Tukima's Dance        Hex            32%        N/A       4%          3
d - Dazzling Flash        Conj/Hex       44%        N/A       10%         3
e - Jinxbite              Hex            64%        N/A       1%          2

Your spell library contained the following spells:

 Spells                   Type           Power      Damage    Failure   Level
 Anguish                  Hex/Necr       8%         N/A       45%         4


Dungeon Overview and Level Annotations

Branches:
Dungeon (8/15)             Temple (1/1) D:5
   Lair: D:8-11

Altars:
Ashenzari
Cheibriados
Dithmenos
Elyvilon
Fedhas
Gozag
Kikubaaqudgha
Makhleb
Nemelex Xobeh
Okawaru
Qazlal
Ru
Sif Muna
Uskayaw
Vehumet
Wu Jian
Xom
Yredelemnul
Zin
The Shining One


Innate Abilities, Weirdness & Mutations

You are a hulking beast.
Your limbs bulge with bestial killing power. (Slay +1)
You cannot wear most types of armour.
You are amphibious.
You can wear up to eight rings at the same time.
Your skin changes colour to match your surroundings (Stealth+).
Your rubbery body absorbs attacks. (AC +1, EV +1)
((You are camouflaged when in or above water. (Stealth+)))
You have tentacles for arms and can constrict up to eight enemies at once.
You are partially covered in iridescent scales. (AC +2)
You are agile. (Dex +4, Str/Int -1)
You are dopey. (Int -2)
You are robust. (+10% HP)


Message History

The killer bee stings you but does no damage.
The killer bee barely misses you. You block the killer bee's attack.
The killer bee stings you.
* * * LOW HITPOINT WARNING * * *
You are more poisoned.
The killer bee poisons you!
There is nothing to cancel.
Okay, then.
You feel better.
You constrict the killer bee. The killer bee completely misses you.
You block the killer bee's attack. The killer bee stings you.
* * * LOW HITPOINT WARNING * * *
The killer bee misses you. The killer bee closely misses you.
The killer bee stings you!
* * * LOW HITPOINT WARNING * * *
You are poisoned.
The killer bee poisons you!
The air fills with toxic fumes!
As you read the scroll labelled WOITOKHL KEWKEPS, it crumbles to dust.
It was a scroll of poison.
You constrict the killer bee.
You feel sick.
You block the killer bee's attack. x3; The killer bee stings you!
* * * LOW HITPOINT WARNING * * *
The killer bee barely misses you. The killer bee misses you.
Unknown command.
You feel better.
You constrict the killer bee.
You kill the killer bee!
Dithmenos accepts your kill. The killer bee barely misses you.
The killer bee closely misses you. The killer bee stings you.
* * * LOW HITPOINT WARNING * * *
The killer bee misses you.
Okay, then.
Okay, then.
Press: ? - help, v - describe, . - travel
Here: a gargoyle, wielding a +0 mace (umbra)
The floor.
You fade into invisibility!
The killer bee closely misses you. The killer bee barely misses you. x2
You block the killer bee's attack. The gargoyle hits you with a +0 mace!
You die...

#...# .# .. #...#
§##§§#
#...##§§§§§
#####(....§§§§.
..§§§.....§§§♣
..§§§§..y.§§§♣
..§§§§§>..§§§♣
#§§§##y#§♣§§#
#§§yyh9.§§§§#
#§§§####§§§##
#§§.#
.≈§##.########
######§..# #.≈.
#....<..<#
#...##...#
#.≈.##..#####.#
#.#.....##
#.≈.....#####..
#...#####
#..........##.#
####.###
###......[.......
#......#
...._......#.##.#


You could see a gargoyle (unable to see you) and 3 killer bees.

Vanquished Creatures
  The ghost of Doj the Cleaver, a novice MiMo of the Shining One (D:7)
  Jeremiah (D:7)
  Maggie (D:7)
  A hornet (D:6)
  Grinder (D:4)
  7 yaks
  Eustachio (D:4)
  Menkaure (D:5)
  A water moccasin (D:7)
  Duvessa (D:7)
  An orc warrior (D:7)
  An ice beast (D:7)
  A black bear (D:7)
  An ogre (D:4)
  A kobold brigand (D:7)
  2 bullfrogs
  5 scorpions
  A gnoll sergeant (D:7)
  4 wights (D:7)
  Dowan (D:7)
  8 killer bees
  3 howler monkeys
  5 hounds
  3 orc priests (D:6)
  5 iguanas
  2 sleepcaps
  3 orc wizards
  15 gnolls
  7 adders
  2 shadow imps
  A white imp (D:7)
  4 worms
  A dart slug (D:2)
  19 orcs
  9 ball pythons
  10 bats
  6 endoplasms
  2 giant cockroaches (D:1)
  4 hobgoblins
  8 jackals
  6 kobolds
  3 quokkas
  6 frilled lizards
  8 goblins
  3 rats
177 creatures vanquished.

Notes
Turn   | Place    | Note
-------+----------+-------------------------------------------
     0 | D:1      | zenocrate the Octopode Enchanter began the quest for the
                  | Orb.
     0 | D:1      | Reached XP level 1. HP: 11/11 MP: 3/3
   119 | D:1      | Reached XP level 2. HP: 17/17 MP: 5/5
   811 | D:1      | Reached XP level 3. HP: 21/21 MP: 6/6
   814 | D:1      | Learned a level 2 spell: Ensorcelled Hibernation
   818 | D:1      | Learned a level 3 spell: Confusing Touch
  1148 | D:2      | Reached XP level 4. HP: 27/27 MP: 7/7
  1480 | D:2      | Reached skill level 5 in Stealth
  1480 | D:2      | Reached skill level 1 in Ice Magic
  1480 | D:2      | Reached XP level 5. HP: 31/31 MP: 8/8
  1767 | D:2      | Learned a level 3 spell: Tukima's Dance
  1947 | D:3      | Found a blossoming altar of Fedhas.
  2659 | D:4      | Noticed an ogre
  2670 | D:4      | Killed an ogre
  2671 | D:4      | Reached skill level 1 in Fighting
  2674 | D:4      | Reached XP level 6. HP: 12/38 MP: 0/9
  2869 | D:4      | Noticed Grinder
  2881 | D:4      | Killed Grinder
  2882 | D:4      | Reached XP level 7. HP: 26/45 MP: 6/10
  3028 | D:4      | Noticed Eustachio
  3036 | D:4      | Killed Eustachio
  3037 | D:4      | Reached skill level 6 in Stealth
  3247 | D:4      | Learned a level 3 spell: Dazzling Flash
  3446 | D:5      | Entered Level 5 of the Dungeon
  3448 | D:5      | Found a staircase to the Ecumenical Temple.
  3540 | Temple   | Entered the Ecumenical Temple
  3588 | Temple   | Became a worshipper of Dithmenos the Shadowed
  3619 | D:5      | Reached skill level 1 in Evocations
  3623 | D:5      | Reached XP level 8. HP: 50/52 MP: 2/12
  3830 | D:5      | Found a glowing silver altar of Zin.
  3884 | D:5      | Reached skill level 1 in Shapeshifting
  4043 | D:5      | Noticed Menkaure
  4050 | D:5      | Killed Menkaure
  4285 | D:5      | Found a sparkling altar of Nemelex Xobeh.
  4287 | D:5      | Gained mutation: You are robust. (+10% HP) [potion of
                  | mutation]
  4287 | D:5      | Gained mutation: You are dopey. (Int -2) [potion of
                  | mutation]
  4287 | D:5      | Gained mutation: You are agile. (Dex +4, Str/Int -1)
                  | [potion of mutation]
  4287 | D:5      | Gained mutation: You are partially covered in iridescent
                  | scales. (AC +2) [potion of mutation]
  4296 | D:5      | Found a white marble altar of Elyvilon.
  4345 | D:6      | Reached skill level 5 in Hexes
  4372 | D:6      | Reached skill level 7 in Stealth
  4454 | D:6      | Reached * piety under Dithmenos
  4559 | D:6      | Noticed a hornet
  4595 | D:6      | Reached XP level 9. HP: 63/63 MP: 13/13
  4612 | D:6      | Killed a hornet
  4725 | D:6      | Found a basalt altar of Yredelemnul.
  4756 | D:6      | Reached skill level 5 in Short Blades
  4756 | D:6      | Reached skill level 8 in Stealth
  5133 | D:7      | Reached skill level 5 in Dodging
  5249 | D:7      | Reached ** piety under Dithmenos
  5323 | D:7      | Noticed Dowan
  5325 | D:7      | Noticed Duvessa
  5334 | D:7      | Killed Duvessa
  5339 | D:7      | Killed Dowan
  5450 | D:7      | Reached skill level 1 in Shields
  5457 | D:7      | Reached skill level 5 in Fighting
  5542 | D:7      | Reached XP level 10. HP: 38/72 MP: 11/14
  5546 | D:7      | Reached skill level 1 in Conjurations
  5681 | D:7      | Found a runed translucent door.
  5775 | D:7      | Noticed Maggie
  5778 | D:7      | Killed Maggie
  5846 | D:7      | Noticed Jeremiah
  5865 | D:7      | Killed Jeremiah
  6082 | D:7      | Learned a level 2 spell: Jinxbite
  6260 | D:7      | Noticed Doj's ghost (novice MiMo)
  6268 | D:7      | Killed Doj's ghost
  6269 | D:7      | Reached skill level 9 in Stealth
  6308 | D:8      | Found an ornate altar of the Wu Jian Council.
  6412 | D:8      | Noticed a gargoyle
  6414 | D:8      | Reached skill level 5 in Evocations
  6421 | D:8      | Mangled by a gargoyle

Illustrated notes

Levels and vault maps discovered:
D:1:      tarquinn_simple_flora_water_e, layout_loops_corners,
          minmay_crystal_water
D:2:      layout_basic, kennysheep_small_spiral
D:3:      layout_rooms, lemuel_round_altar, nicolae_hexahallways,
          chequers_big_river, minmay_diced_spiral
D:4:      layout_layer_cave, kennysheep_minor_cross, kennysheep_generic_room_7,
          uniq_grinder, uniq_eustachio
D:5:      layout_basic, minmay_overflow_temple_star_quad,
          minmay_temple_entry_glass, uniq_menkaure
D:6:      layout_loops_ring, general_overflow_altar
D:7:      layout_basic, ebering_ghost_reflecting_pool, grunt_decor_junction,
          uniq_duvessa, uniq_jeremiah, uniq_maggie
D:8:      layout_loops_cross, mainiacjoe_overflow_boulevard,
          minmay_lair_entry_grove, kb_lookout_dungeons_type, uniq_joseph,
          uniq_gastronok
Temple:   jpeg_temple_clearing

Skill      XL: |  1  2  3  4  5  6  7  8  9 10 |
---------------+-------------------------------+-----
Short Blades   | 2 3 4 5 |  5.9
Stealth        | 5 6 7 8 9 |  9.1
Ice Magic      | 1 2 |  2.1
Fighting       | 1 2 3 4 5 |  5.9
Hexes          | 4 5 6 |  6.6
Dodging        | 3 4 5 |  5.8
Evocations     | 1 2 4 5 |  5.0
Spellcasting   | 3 |  3.0
Shapeshifting  | 2 3 |  3.0
Shields        | 2 3 |  3.8
Conjurations   | 2 |  2.1
Invocations    | |  0.2

Action                     |  1- 3 |  4- 6 |  7- 9 | 10-12 || total
---------------------------+-------+-------+-------+-------++-------
  Melee: Dagger            |    70 |    83 |   215 |    66 ||   434
         Constrict         |    17 |    21 |    43 |     8 ||    89
         Tentacles         |     8 |    21 |    48 |    17 ||    94
         Punch             |       |       |     9 |       ||     9
   Cast: Ensorcelled Hiber |       |    16 |    32 |     3 ||    51
         Confusing Touch   |       |     1 |     6 |     2 ||     9
         Dazzling Flash    |       |       |     1 |     2 ||     3
    Use: Scroll            |       |       |     9 |     1 ||    10
         Potion            |       |       |     3 |     3 ||     6
   Stab: Sleeping          |    13 |    12 |    39 |     6 ||    70
         Confused          |       |     1 |     3 |     1 ||     5
         Invisible         |       |       |     5 |     4 ||     9
         Distracted        |       |       |     1 |       ||     1
 Armour: Skin              |    15 |    47 |    78 |    34 ||   174
  Dodge: Dodged            |    37 |    65 |   141 |    75 ||   318
  Block: Buckler           |       |       |    45 |    33 ||    78
   Form: Beast             |       |       |     1 |       ||     1

Table legend: (Time is in decaauts)
 A = Elapsed time spent in this place.
 B = Non-inter-level travel time spent in this place.
 C = Inter-level travel time spent in this place.
 D = Time resting spent in this place.
 E = Time spent auto-exploring this place.
 F = Levels seen in this place.
 G = Mean time per level.
                   A        B        C        D        E       F      G
               +--------+--------+--------+--------+--------+-----+--------+
         Total |   6362 |   6102 |    260 |     35 |   4832 |   9 |  706.9 |
       Dungeon |   6221 |   6003 |    218 |     35 |   4742 |   8 |  777.6 |
        Temple |    140 |     98 |     42 |      0 |     90 |   1 |  140.0 |
               +--------+--------+--------+--------+--------+-----+--------+

Top non-repeatable levels by time:
     D:7: 1196 daAuts
     D:1: 919 daAuts
     D:4: 876 daAuts
     D:2: 855 daAuts
     D:3: 840 daAuts
     D:6: 745 daAuts
     D:5: 671 daAuts
  Temple: 140 daAuts
     D:8: 116 daAuts
